 Dungeon Crawl Stone Soup version 0.30-a0-187-gd9c2deaf24 (webtiles) character file.

Game seed: 12035670994730789471

28 Flugkiller the Sneak (level 2, -3/24 HPs)
             Began as a Mummy Delver on Oct 3, 2022.
             Slain by Sigmund
             ... wielding a +0 scythe
              (10 damage)
             ... on level 5 of the Dungeon.
             The game lasted 00:00:32 (131 turns).

Flugkiller the Sneak (Mummy Delver)                  Turns: 131, Time: 00:00:32

Health: -3/24      AC:  3    Str: 15    XL:     2   Next: 96%
Magic:  2/2        EV: 12    Int:  9    God:
Gold:   0          SH:  0    Dex: 13    Spells: 1/1 levels left

rFire   x . .      SeeInvis .    a - +0 falchion
rCold   + . .      Faith    +    (no shield)
rNeg    + + +      Spirit   .    b - +0 leather armour
rPois   ∞          Reflect  .    (no helmet)
rElec   .          Harm     .    (no cloak)
rCorr   .          Rampage  .    (no gloves)
Will    .....                    (no boots)
Stlth   ++........               (no amulet)
HPRegen 0.24/turn                (no ring)
MPRegen 0.08/turn                (no ring)

@: no status effects
A: cold resistance 1, negative energy resistance 3, torment resistance 2, heat
vulnerability 1, no potions, faith
a: no special abilities


You were on level 5 of the Dungeon.
You visited 1 branch of the dungeon, and saw 1 of its levels.

Inventory:

Hand Weapons
 a - a +0 falchion (weapon)
Armour
 b - a +0 leather armour (worn)
Wands
 f - a wand of digging (3)


   Skills:
 + Level 3.2 Fighting
 * Level 2.1 Long Blades
 * Level 2.1 Dodging
 - Level 4.1 Stealth


You had one spell level left.
You didn't know any spells.
Your spell library was empty.

Dungeon Overview and Level Annotations

Branches:
Dungeon (5/15) Zot: 5866
 Temple: D:4-7

Altars:

Annotations:
D:5 Sigmund


Innate Abilities, Weirdness & Mutations

You are immune to poison.
Your flesh is cold resistant. (rC+)
You are immune to negative energy. (rN+++)
You are immune to unholy pain and torment.
You are vulnerable to heat. (rF-)
You do not drink.
You have a special connection with the divine. (Faith)


Message History

They say the Orb of Zot lies within this dungeon, but they say a lot of things.
Press ? for a list of commands and other information.
Found a stone staircase leading down.
There is a stone staircase leading down here.
Found a silvery potion.
Found a robe.
You see here a silvery potion.
Found a cyan potion.
No target in view!
No target in view!
No target in view!
No target in view!
No target in view!
You see here a cyan potion.
An orc priest comes into view. It is wielding a +0 club.
The orc priest moves out of view.
An orc comes into view. It is wielding a +0 hand axe.
No target in view!
No target in view!
No target in view!
No target in view!
No target in view!
No target in view!
No target in view!
An orc comes into view. It is wielding a +0 whip.
The orc shouts!
The orc priest shouts!
The orc shouts!
You hear a shout!
The orc priest closely misses you.
You barely miss the orc priest. Your punch misses the orc priest.
You slash the orc priest!
The orc priest is severely wounded.
An orc wizard comes into view. It is wielding a +0 dagger.
The orc priest hits you with a +0 club. The orc hits you with a +0 whip.
You hit the orc priest.
You kill the orc priest!
Your Long Blades skill increases to level 2!
Your Dodging skill increases to level 2!
You have reached level 2!
The orc attacks as you move away! The orc barely misses you.
The orc attacks as you move away! The orc barely misses you.
You hit the orc.
The orc is moderately wounded.
The orc hits you with a +0 whip.
Okay, then.
As you read the scroll of fear, it crumbles to dust.
You assume a fearsome visage.
The orc looks frightened! x2
The orc wizard looks frightened!
The orc wizard casts a spell.
The orc wizard flickers and vanishes!
Deactivating autopickup; reactivate with Ctrl-A.
An orc comes into view. It is wielding a +0 flail.
As you read the scroll of magic mapping, it crumbles to dust.
You feel aware of your surroundings.
You sensed 1 altar.
Found 8 gold pieces.
You see here a +0 robe.
Something tries to affect you, but you resist.
An orc priest comes into view. It is wielding a +0 falchion.
The orc priest moves out of view.
An orc wizard comes into view. It is wielding a +0 dagger.
Found a ring mail.
The orc wizard shouts!
The orc priest shouts!
You hear a shout!
The orc priest begins to cast a cantrip, but forgets the words!
Found a stone staircase leading down.
An adder comes into view.
The orc wizard points at you and mumbles some strange words.
The magic dart hits you.
A hound comes into view.
The adder hisses angrily.
The adder misses you. The adder barely misses you.
The adder closely misses you. The adder closely misses you.
The adder attacks as you move away! The adder closely misses you.
The adder bites you but does no damage. The adder attacks as you move away!
The adder misses you. The adder closely misses you.
The adder closely misses you. The adder attacks as you move away!
The adder closely misses you. The adder attacks as you move away!
The adder closely misses you. The adder barely misses you.
The adder attacks as you move away! The adder bites you.
The orc wizard gestures wildly while chanting.
The orc wizard flickers and vanishes!
The adder attacks as you move away! The adder closely misses you.
An adder comes into view.
The adder hisses angrily.
The adder completely misses you.
Sigmund the Dreaded comes into view.
He is wielding a +0 scythe.
You closely miss the adder. The adder misses you. The adder barely misses you.
The adder bites you. The adder closely misses you.
Okay, then.
As you read the scroll of fog, it crumbles to dust.
The scroll dissolves into smoke.
The adder bites you. The adder closely misses you.
You barely miss the adder. The adder bites you. x2
The adder barely misses you. The adder bites you.
You hit the adder.
The adder is heavily wounded.
The adder bites you but does no damage. The adder bites you.
* * * LOW HITPOINT WARNING * * *
Sigmund hits you from afar with a +0 scythe!
You die...

,,******,,**,,,,,,,,*
*,,>,,,,,,**,.......*
*,,*****,***,,.....,*
*,******,* **,.....,*
*,,,,,,,,* *,,.@.,,*
*,,**,,,,* *,<.§.,,*
*,******,* ***#@#*,*
*,* *,* #S#*,* *,*
*,* #@#*,* *,* *,*
#####S#,,* ,,* *,*
#...§§#,********* *,*
*,* #.#####,,,,,,,,,*
*,* *,* #.#
*********,* *,* *,*
#.# *,* *,** *,* #.#
*,* *,,* *,* #{# *,*
*,,*
#.###.#######******,*


You could see Sigmund and 2 adders.

Vanquished Creatures
  An orc priest (D:5)
1 creature vanquished.

Notes
Turn   | Place    | Note
-------+----------+-------------------------------------------
     0 | D:5      | Flugkiller the Mummy Delver began the quest for the Orb.
     0 | D:5      | Reached XP level 1. HP: 18/18 MP: 1/1
    47 | D:5      | Noticed an orc priest
    54 | D:5      | Noticed an orc wizard
    55 | D:5      | Killed an orc priest
    56 | D:5      | Reached XP level 2. HP: 20/24 MP: 2/2
   127 | D:5      | Noticed Sigmund
   131 | D:5      | Slain by Sigmund

Illustrated notes

Levels and vault maps discovered:
D:5:      layout_loops_ring, tgw_sif, minmay_pentangle, uniq_pikel,
          uniq_sigmund, uniq_grinder

Skill      XL: |  1 |
---------------+----+-----
Long Blades    | 2 |  2.1
Dodging        | 2 |  2.1
Fighting       | |  3.2
Stealth        | |  4.1

Action                   || total
-------------------------++-------
Melee: Falchion          ||     7
  Use: Scroll            ||     3
Armor: Leather armour    ||     2
Dodge: Dodged            ||    21

Table legend: (Time is in decaauts)
 A = Elapsed time spent in this place.
 B = Non-inter-level travel time spent in this place.
 C = Inter-level travel time spent in this place.
 D = Time resting spent in this place.
 E = Time spent auto-exploring this place.
 F = Levels seen in this place.
 G = Mean time per level.
                   A        B        C        D        E       F      G
               +--------+--------+--------+--------+--------+-----+--------+
         Total |    132 |    132 |      0 |      0 |     44 |   1 |  132.0 |
       Dungeon |    132 |    132 |      0 |      0 |     44 |   1 |  132.0 |
               +--------+--------+--------+--------+--------+-----+--------+

Top non-repeatable levels by time:
     D:5: 132 daAuts
